 Dungeon Crawl Stone Soup version 0.29.1-15-g9cfb28693d (webtiles) character file.

Game seed: 13996316343928827257

3012 Silvore the Carver (level 9, -4/78 HPs)
             Began as a Minotaur Fighter on May 1, 2023.
             Was a Follower of Okawaru.
             Killed by divine providence
             ... invoked by an orc priest
              (16 damage)
             ... on level 8 of the Dungeon on May 2, 2023.
             The game lasted 00:09:30 (7470 turns).

Silvore the Carver (Minotaur Fighter)               Turns: 7470, Time: 00:09:30

Health: -4/78      AC:  9    Str: 23    XL:     9   Next: 55%
Magic:  8/8        EV: 11    Int:  5    God:    Okawaru [*.....]
Gold:   362        SH: 10    Dex: 12    Spells: 8/8 levels left

rFire   . . .      SeeInvis .   a - +1 long sword
rCold   + . .      Faith    .   c - +0 buckler
rNeg    . . .      Spirit   .   b - +1 scale mail
rPois   .          Reflect  +   (helmet restricted)
rElec   .          Harm     .   (no cloak)
rCorr   .          Rampage  .   (no gloves)
Will    .....                   (no boots)
Stlth   ..........              j - amulet of reflection
HPRegen 0.23/turn               i - ring of flight
MPRegen 0.11/turn               r - ring of protection from cold

@: flying
A: horns 2, retaliatory headbutt
a: Renounce Religion, Heroism


You were on level 8 of the Dungeon.
You worshipped Okawaru.
Okawaru was aware of your devotion.
You visited 2 branches of the dungeon, and saw 9 of its levels.

You collected 362 gold pieces.

Inventory:

Hand Weapons
 a - a +1 long sword (weapon)
 u - a +1 vorpal great sword
Armour
 b - a +1 scale mail (worn)
 c - a +0 buckler (worn)
Jewellery
 i - a ring of flight (left hand)
 j - an amulet of reflection (around neck)
 r - a ring of protection from cold (right hand)
Wands
 v - a wand of flame (23)
Scrolls
 e - 4 scrolls of identify
 g - a scroll of amnesia
 h - 2 scrolls of enchant weapon
 p - 4 scrolls of teleportation
Potions
 d - a potion of ambrosia {unknown}
 f - a potion of lignification {unknown}
 k - 2 potions of attraction
 l - 3 potions of flight
 n - a potion of degeneration {unknown}
 o - 2 potions of magic
 q - a potion of berserk rage
 s - 2 potions of brilliance


   Skills:
 + Level 6.8 Fighting
 + Level 10.1 Long Blades
 + Level 9.2 Armour
 + Level 4.1 Dodging
 + Level 1.1 Stealth
 + Level 6.5 Shields


You had 8 spell levels left.
You didn't know any spells.
Your spell library contained the following spells:

 Spells                   Type           Power      Damage    Failure   Level
 Blink                    Tloc           0%         N/A       92%         2
 Summon Small Mammal      Summ           Unusable   N/A       N/A         1
 Call Canine Familiar     Summ           Unusable   N/A       N/A         3
 Summon Guardian Golem    Hex/Summ       Unusable   N/A       N/A         3

Dungeon Overview and Level Annotations

Branches:
Dungeon (8/15)             Temple (1/1) D:7
   Lair: D:8-11

Altars:
Ashenzari
Kikubaaqudgha
Nemelex Xobeh
Okawaru
Ru
Sif Muna
Trog
Uskayaw
Vehumet
The Shining One

Shops:
D:4 (


Innate Abilities, Weirdness & Mutations

You have a pair of horns on your head.
You reflexively headbutt those who attack you in melee.


Message History

* * * LOW HITPOINT WARNING * * *
You slash the orc priest!
The orc priest is severely wounded.
The orc priest misses you. You furiously retaliate!
You headbutt the orc priest. You block the orc priest's attack.
You feel better.
The orc priest hits you but does no damage.
The orc priest misses you. You furiously retaliate!
You headbutt the orc priest!
You kill the orc priest!
Okawaru accepts your kill.
The orc priest mumbles some strange prayers to Beogh against you.
Beogh smites you!
* * * LOW HITPOINT WARNING * * *
Things that are here:
a +0 whip; a +0 chain mail; a +0 dagger You barely miss the orc priest.
You headbutt the orc priest, but do no damage.
The orc priest is moderately wounded.
You block the orc priest's attack.
You hit the orc priest but do no damage.
The orc priest is moderately wounded.
You block the orc priest's attack.
Unknown command.
You completely miss the orc priest.
The orc priest is moderately wounded.
The orc priest hits you but does no damage.
You hit the orc priest but do no damage.
The orc priest is moderately wounded.
The orc priest invokes the aid of Beogh against you.
Beogh smites you!
* * * LOW HITPOINT WARNING * * *
You barely miss the orc priest.
The orc priest is moderately wounded.
The orc priest looks satisfied for a moment.
You hit the orc priest but do no damage.
The orc priest is moderately wounded.
The orc priest invokes the aid of Beogh against you.
Beogh smites you!
You die...

##...<.......<#
..............#
##.#.....#.#.###
#.......#.#...#
##......#.##.##
#.)...#.#.##.#
#...###.#....#
.........######
#.###.#..o@# #.
..#.##)# #
###.##†# #. #.#
# ..# ##.# #.#
..# ###


You could see an orc priest.

Vanquished Creatures
  Prince Ribbit (D:5)
  A shadow (D:6)
  6 yaks (D:8)
  A black bear (D:4)
  2 ice beasts (D:7)
  A centaur (D:8)
  A phantom (D:6)
  2 ogres
  A kobold brigand (D:6)
  4 necrophages
  3 bullfrogs
  A scorpion (D:3)
  3 wights (D:7)
  2 electric eels (D:7)
  2 orc priests (D:8)
  2 hounds
  Jessica (D:2)
  2 iguanas
  8 adders
  2 shadow imps
  3 worms
  3 dart slugs
  7 orcs
  5 ball pythons
  7 endoplasms
  5 giant cockroaches
  6 goblins
  8 hobgoblins
  6 jackals
  5 quokkas
  6 bats
  2 frilled lizards (D:3)
  12 kobolds
  8 rats
  A spectral hobgoblin (D:2)
130 creatures vanquished.

Vanquished Creatures (others)
  3 plants
3 creatures vanquished.

Grand Total: 133 creatures vanquished

Notes
Turn   | Place    | Note
-------+----------+-------------------------------------------
     0 | D:1      | Silvore the Minotaur Fighter began the quest for the Orb.
     0 | D:1      | Reached XP level 1. HP: 19/19 MP: 0/0
   317 | D:1      | Reached XP level 2. HP: 27/27 MP: 1/1
   406 | D:1      | Reached skill level 1 in Dodging
   855 | D:2      | Reached XP level 3. HP: 26/33 MP: 2/2
  1322 | D:2      | Found a faded altar of an unknown god.
  1385 | D:2      | Reached skill level 3 in Long Blades
  1530 | D:2      | Noticed Jessica
  1539 | D:2      | Killed Jessica
  1540 | D:2      | Reached XP level 4. HP: 30/41 MP: 3/3
  1667 | D:2      | Got Jessica's Vellum of the Map
  2088 | D:3      | Found a sparkling altar of Nemelex Xobeh.
  2213 | D:3      | Noticed a scorpion
  2221 | D:3      | Killed a scorpion
  2222 | D:3      | Reached skill level 4 in Long Blades
  2222 | D:3      | Reached XP level 5. HP: 30/47 MP: 4/4
  2596 | D:3      | Reached skill level 5 in Armour
  2950 | D:4      | Found Taon's Firing Range.
  3213 | D:4      | Noticed a black bear
  3227 | D:4      | Killed a black bear
  3228 | D:4      | Reached XP level 6. HP: 38/53 MP: 5/5
  3525 | D:4      | Reached skill level 5 in Long Blades
  3663 | D:5      | Entered Level 5 of the Dungeon
  3703 | D:5      | Noticed Prince Ribbit
  3751 | D:5      | Killed Prince Ribbit
  3752 | D:5      | Reached XP level 7. HP: 42/60 MP: 6/6
  4229 | D:5      | Reached skill level 5 in Fighting
  4407 | D:5      | Reached skill level 6 in Long Blades
  4407 | D:5      | Reached skill level 5 in Shields
  4777 | D:6      | Noticed a shadow
  4789 | D:6      | Killed a shadow
  4790 | D:6      | Reached XP level 8. HP: 18/68 MP: 7/7
  5064 | D:6      | Reached skill level 7 in Long Blades
  5613 | D:7      | Reached skill level 8 in Long Blades
  5800 | D:7      | Found a staircase to the Ecumenical Temple.
  5891 | D:7      | Identified the +7 rapier "Fyzoptad" {flame, rElec Dex+3
                  | Stlth+}
  5902 | Temple   | Entered the Ecumenical Temple
  6192 | D:7      | Reached skill level 1 in Stealth
  6230 | D:6      | Noticed a rust devil
  6230 | D:6      | Noticed a rust devil
  6583 | D:7      | Found an iron altar of Okawaru.
  6587 | D:7      | Became a worshipper of Warmaster Okawaru
  6774 | D:7      | Reached skill level 9 in Long Blades
  6849 | D:7      | Reached XP level 9. HP: 66/75 MP: 8/8
  7178 | D:7      | Found a glowing golden altar of the Shining One.
  7319 | D:8      | Reached * piety under Okawaru
  7339 | D:8      | Reached skill level 10 in Long Blades
  7470 | D:8      | Killed from afar by an orc priest

Illustrated notes

Levels and vault maps discovered:
D:1:      minmay_arrival_open_corners, layout_loops_ring,
          chequers_serial_rivers_marsh
D:2:      layout_loops_ring, dreamdust_ecumenical_altar_drowned_temple,
          kennysheep_jessica_study
D:3:      layout_loops_ring, nemelex_diamond_rough_becter
D:4:      layout_basic, serial_bayou, serial_bayou_pond_e, serial_bayou_pond_b,
          serial_bayou_pond_e, serial_bayou_shore_b, nicolae_shop_firing_range
D:5:      layout_loops_cross, grunt_decor_resistance, uniq_prince_ribbit1
D:6:      cheibrodos_iron_armory, layout_loops_ring
D:7:      layout_basic, mainiacjoe_overflow_swirl,
          minmay_temple_entry_sparse_star, serial_bayou_ford_a
D:8:      layout_basic, minitemple
Temple:   hellmonk_temple_two_chambers

Skill      XL: |  1  2  3  4  5  6  7  8  9 |
---------------+----------------------------+-----
Dodging        | 1 2 3 4 |  4.1
Shields        | 4 5 6 |  6.5
Fighting       | 4 5 6 |  6.8
Armour         | 4 5 6 8 9 |  9.2
Long Blades    | 3 4 5 6 9 10 | 10.1
Stealth        | 1 |  1.1

Action                   |  1- 3 |  4- 6 |  7- 9 || total
-------------------------+-------+-------+-------++-------
Melee: Long sword        |    93 |   117 |   226 ||   436
       Headbutt          |    15 |    14 |    47 ||    76
  Use: Scroll            |     6 |     8 |     4 ||    18
       Potion            |       |     4 |     4 ||     8
Armor: Scale mail        |    66 |    61 |    37 ||   164
Dodge: Dodged            |    67 |    54 |    68 ||   189
Block: Buckler           |    25 |    34 |    91 ||   150
       Reflection        |       |       |     3 ||     3
